 Dungeon Crawl Stone Soup version 0.31-a0-1-g4198be8af4 (webtiles) character file.

Game seed: 14171324250683944348

306 Lavandula the Stinger (level 6, -1/41 HPs)
             Began as a Mummy Venom Mage on May 3, 2023.
             Slain by an iguana (6 damage)
             ... on level 4 of the Dungeon.
             The game lasted 00:08:16 (3608 turns).

Lavandula the Stinger (Mummy Venom Mage)            Turns: 3608, Time: 00:08:17

Health: -1/41      AC:  4    Str: 11    XL:     6   Next: 16%
Magic:  0/12       EV: 12    Int: 17    God:
Gold:   143        SH:  0    Dex: 12    Spells: 3/13 levels left

rFire   x . .        m - +2 dagger (speed)
rCold   + . .        (no shield)
rNeg    + + +        a - +0 robe
rPois   ∞            i - +0 helmet
rElec   .            (no cloak)
rCorr   .            (no gloves)
SInv    .            n - +0 pair of boots
Will    +....        (no amulet)
Stlth   ++           f - ring of willpower
HPRegen 0.26/turn    (no ring)
MPRegen 0.13/turn

%: faith
@: very slightly contaminated
A: cold resistance 1, negative energy resistance 3, torment resistance 2, heat
vulnerability 1, in touch with death 1, no potions, faith
a: no special abilities


You were on level 4 of the Dungeon.
You visited 1 branch of the dungeon, and saw 4 of its levels.

You collected 143 gold pieces.

Inventory:

Hand Weapons
 b - a +0 short sword
 j - a +0 dagger of draining
 m - a +2 dagger of speed (weapon)
Armour
 a - a +0 robe (worn)
 i - a +0 helmet (worn)
 n - a +0 pair of boots (worn)
Magical Staves
 c - a staff of conjuration
Jewellery
 f - a ring of willpower (left hand)
 l - a ring of flight
Wands
 p - a wand of roots (1)
Scrolls
 d - a scroll of fog {unknown}
 e - 2 scrolls of teleportation {unknown}
 g - a scroll of blinking {unknown}
 h - a scroll of poison {unknown}
 k - 2 scrolls of identify {unknown}
 o - a scroll of amnesia {unknown}


   Skills:
 - Level 1.5 Dodging
 - Level 1.5 Stealth
 - Level 4.0 Spellcasting
 - Level 0.7 Transmutations
 + Level 5.4 Poison Magic


You had 3 spell levels left.
You knew the following spells:

 Your Spells              Type           Power      Damage    Failure   Level
a - Sting                 Tmut/Pois      52%        1d5       4%          1
b - Poisonous Vapours     Pois/Air       24%        N/A       8%          2
c - Mephitic Cloud        Conj/Pois/Air  9%         N/A       22%         3
d - Olgreb's Toxic Radia  Pois           21%        N/A       17%         4

Your spell library contained the following spells:

 Spells                   Type           Power      Damage    Failure   Level
 Summon Guardian Golem    Hex/Summ       3%         N/A       43%         3
 Orb of Destruction       Conj           1%         9d5       100%        7
 Spellforged Servitor     Conj/Summ      1%         N/A       100%        7


Dungeon Overview and Level Annotations

Branches:
Dungeon (4/15)
 Temple: D:4-7

Altars:
Cheibriados

Shops:
D:1 :   D:3 (


Innate Abilities, Weirdness & Mutations

You are immune to poison.
Your flesh is cold resistant. (rC+)
You are immune to negative energy. (rN+++)
You are immune to unholy pain and torment.
You are vulnerable to heat. (rF-)
You are in touch with the powers of death.
You do not drink.
You have a special connection with the divine. (Faith)


Message History

The iguana looks even sicker.
The iguana is heavily wounded.
The iguana closely misses you.
The sting misses the iguana.
The iguana bites you!
You are out of magic!
You are out of magic!
You are out of magic!
Your hands tingle!
m - a +2 dagger of speed (weapon)
You hit the iguana but do no damage.
The iguana is heavily wounded.
The iguana bites you.
You hit the iguana.
The iguana is heavily wounded.
The iguana bites you!
You hit the iguana but do no damage.
The iguana is severely wounded.
You hit the iguana but do no damage.
The iguana is severely wounded.
The iguana bites you!
* * * LOW HITPOINT WARNING * * *
Casting: Sting (safe; 4% risk of failure)
Confirm with . or Enter, or press ? or * to list all spells.
Aiming: Sting (safe; 4% risk of failure)
Press: ? - help, Shift-Dir - straight line, f/p - iguana
Aim: an iguana (severely wounded, very poisoned, 75% to hit)
The sting hits the iguana but does no damage.
The iguana looks even sicker.
The iguana is severely wounded.
The iguana bites you.
* * * LOW HITPOINT WARNING * * *
Okay, then.
Aiming: Fastroot
Press: ? - help, Shift-Dir - straight line, f/p - iguana
Aim: an iguana (severely wounded, very poisoned)
The roots erupt in riotous growth!
Roots grab the iguana.
The grasping roots constrict the iguana.
The iguana bites you.
You die...

#...##.....#
...........#
#.........#
#.........##
...........# ##
#...##.<...# .##
# ####.....# ..#
........## ..#
........@# ..#
.^........l....#
.<#
............$..+
..#
....##.........#


gg# ##.... #.......!.# .g#...#. ...........# ........ ............. ........
.(.....##..... ....!... You could see an iguana (very poisoned, rooted).

Vanquished Creatures
  A black bear (D:3)
  A gnoll bouda (D:3)
  Ijyb (D:3)
  5 gnolls (D:3)
  2 adders
  A dart slug (D:2)
  5 orcs (D:3)
  7 ball pythons
  4 bats
  5 endoplasms
  9 giant cockroaches
  6 goblins
  8 hobgoblins
  11 jackals
  12 kobolds
  4 quokkas
  3 frilled lizards
  4 rats
89 creatures vanquished.

Notes
Turn   | Place    | Note
-------+----------+-------------------------------------------
     0 | D:1      | Lavandula the Mummy Venom Mage began the quest for the Orb.
     0 | D:1      | Reached XP level 1. HP: 13/13 MP: 4/4
   136 | D:1      | Reached XP level 2. HP: 19/19 MP: 2/5
   138 | D:1      | Reached skill level 3 in Poison Magic
   141 | D:1      | Learned a level 2 spell: Poisonous Vapours
   204 | D:1      | Found Beges's Book Shop.
   910 | D:1      | Gained mutation: You are in touch with the powers of death.
                  | [Mummy growth]
   910 | D:1      | Reached XP level 3. HP: 24/24 MP: 1/7
  1242 | D:1      | Learned a level 3 spell: Mephitic Cloud
  1536 | D:2      | Found a faded altar of an unknown god.
  1616 | D:2      | Reached skill level 4 in Poison Magic
  1785 | D:2      | Reached XP level 4. HP: 30/30 MP: 1/8
  2379 | D:3      | Found a snail-covered altar of Cheibriados.
  2395 | D:3      | Noticed a black bear
  2471 | D:3      | Found Onom Pirul's Antique Weapon Shop.
  2793 | D:3      | Learned a level 4 spell: Olgreb's Toxic Radiance
  2846 | D:3      | Reached XP level 5. HP: 27/35 MP: 2/11
  3032 | D:3      | Identified the +1 chain mail "Sude" {rN+ Int+3 Stlth+}
  3062 | D:3      | Killed a black bear
  3063 | D:3      | Reached skill level 5 in Poison Magic
  3063 | D:3      | Reached XP level 6. HP: 41/41 MP: 0/12
  3221 | D:3      | Noticed Ijyb
  3227 | D:3      | Killed Ijyb
  3608 | D:4      | Slain by an iguana

Illustrated notes

Levels and vault maps discovered:
D:1:      wander_arrival_lonely_grave, layout_basic, serial_shops, shop,
          serial_park_tiny_2
D:2:      layout_rooms, ebering_ecumenical_altar_mist, minmay_worlds_worst_comb
D:3:      layout_basic, cheibriados_altar_1, serial_shops,
          nicolae_shop_rolling_square, uniq_ijyb
D:4:      layout_gridville, minmay_temple_entry_slanted,
          chequers_serial_rivers_small_3, hex_medium, dk_noncrumbling_3,
          uniq_eustachio

Skill      XL: |  1  2  3  4  5 |
---------------+----------------+-----
Poison Magic   | 3 4 5 |  5.4
Spellcasting   | 4 |  4.0
Dodging        | |  1.5
Stealth        | |  1.5
Transmutations | |  0.7

Action                     |  1- 3 |  4- 6 || total
---------------------------+-------+-------++-------
  Melee: Short sword       |    40 |       ||    40
         Unarmed           |     5 |       ||     5
         Staff             |     5 |     4 ||     9
         Punch             |     1 |       ||     1
         Dagger            |       |    13 ||    13
   Fire: Sling             |    18 |       ||    18
   Cast: Sting             |    98 |    65 ||   163
         Poisonous Vapours |     2 |       ||     2
         Olgreb's Toxic Ra |       |     9 ||     9
  Evoke: Wand              |       |     1 ||     1
 Armour: Robe              |    21 |    14 ||    35
  Dodge: Dodged            |    58 |    22 ||    80

Table legend: (Time is in decaauts)
 A = Elapsed time spent in this place.
 B = Non-inter-level travel time spent in this place.
 C = Inter-level travel time spent in this place.
 D = Time resting spent in this place.
 E = Time spent auto-exploring this place.
 F = Levels seen in this place.
 G = Mean time per level.
                   A        B        C        D        E       F      G
               +--------+--------+--------+--------+--------+-----+--------+
         Total |   3609 |   3469 |    140 |    156 |   2612 |   4 |  902.2 |
       Dungeon |   3609 |   3469 |    140 |    156 |   2612 |   4 |  902.2 |
               +--------+--------+--------+--------+--------+-----+--------+

Top non-repeatable levels by time:
     D:1: 1415 daAuts
     D:3: 1209 daAuts
     D:2: 931 daAuts
     D:4: 53 daAuts
